 Dungeon Crawl Stone Soup version 0.17.2-1-ge4368a0 (webtiles) character file.

43 ololoev the Chopper (level 3, 0/29 HPs)
             Began as a Demonspawn Berserker on July 26, 2016.
             Was a Follower of Trog.
             Succumbed to an adder's poison
             ... on level 2 of the Dungeon.
             The game lasted 00:01:23 (249 turns).

ololoev the Chopper (Demonspawn Berserker)           Turns: 249, Time: 00:01:23

Health: 0/29       AC:  4    Str: 18    XL:     3   Next: 37%
Magic:  3/3        EV: 12    Int:  8    God:    Trog [*.....]
Gold:   53         SH:  0    Dex: 12    Spells: 0 memorised, 2 levels left

rFire  . . .     SeeInvis .     a - +0 hand axe
rCold  . . .     Clarity  .     b - +0 animal skin
rNeg   . . .     SustAt   .     (no shield)
rPois  .         Gourm    .     (no helmet)
rElec  .         Spirit   .     (no cloak)
rCorr  .         Warding  .     (no gloves)
rMut   .         Stasis   .     (no boots)
MR     .....                    (no amulet)
Stlth  +.........               (no ring)
                                (no ring)

@: lethally poisoned (0 -> -5), exhausted, slowed, very slow, not resistant to
hostile enchantments, very unstealthy
A: claws 1, yellow scales 1
a: Berserk, Burn Spellbooks, Renounce Religion


Innate Abilities, Weirdness & Mutations

You have sharp fingernails.
You are partially covered in yellow scales (AC +2).

Inventory:

Hand Weapons
 a - a +0 hand axe (weapon)
Armour
 b - a +0 animal skin (worn)
Scrolls
 e - 2 scrolls of identify {unknown}
 f - a scroll of enchant armour {unknown}
 g - a scroll of amnesia {unknown}
 j - a scroll of fear {unknown}
 k - a scroll of remove curse {unknown}
Potions
 i - a potion of magic {unknown}
Comestibles
 c - a bread ration
 d - a chunk of flesh
 h - a meat ration


   Skills:
 - Level 3.0 Fighting
 * Level 3.6 Axes
 + Level 2.5 Armour
 - Level 1.7 Dodging


You had 2 spell levels left.
You didn't know any spells.


You were on level 2 of the Dungeon.
You worshipped Trog.
Trog was aware of your devotion.
You were not hungry.

You visited 1 branch of the dungeon, and saw 2 of its levels.

You collected 53 gold pieces.

#..##..#. #.#(.......
#.......... #
##.......... ...# ##.
...........
##......##..##..........
.......>.....%..........
.##### ...##†..........
## ##..#.#..#.@.......
######..#...............
..........#.#...#.......
####.##..##.#.)#_#.#####
#..###....#...#..###
##.# #..##.........
##..#######.........###
..............#######
.......##.........#

Notes
Turn   | Place    | Note
--------------------------------------------------------------
     0 | D:1      | ololoev the Demonspawn Berserker began the quest for the Orb.
     0 | D:1      | Reached XP level 1. HP: 18/18 MP: 1/1
     7 | D:1      | You fall through a shaft!
    26 | D:2      | Gained mutation: You have sharp fingernails. [demonic ancestry]
    26 | D:2      | Reached XP level 2. HP: 24/24 MP: 2/2
    53 | D:2      | Found a shadowy altar of Dithmenos.
   177 | D:2      | Found a faded altar to an unknown god.
   198 | D:1      | HP: 1/24 [kobold/short sword (2)]
   239 | D:2      | Gained mutation: You are partially covered in yellow scales (AC +2). [demonic ancestry]
   239 | D:2      | Reached XP level 3. HP: 8/29 MP: 3/3
   245 | D:2      | HP: 2/43 [adder (2)]
   249 | D:2      | Succumbed to an adder's poison

Dungeon Overview and Level Annotations

Branches:
Dungeon (2/15)

Altars:
Dithmenos


Message History

A red film seems to cover your vision as you go berserk!
You feel yourself moving faster!
You feel mighty!
You feel somewhat more hungry. The adder bites you but does no damage.
You slash the adder!
You kill the adder!
Trog accepts your kill.
You have reached level 3!
Your experience leads to an increase in your attributes!
Your base attributes are Str 17, Int 8, Dex 12.
Increase (S)trength, (I)ntelligence, or (D)exterity?
You feel stronger.
Your demonic ancestry asserts itself...
Yellow scales grow over part of your body.
An adder comes into view.
You feel a strong urge to attack something.
You feel your anger subside.
You slash the adder!
The adder is heavily wounded.
The adder bites you.
You are poisoned.
The adder poisons you!
Unknown command.
You barely miss the adder.
The adder is heavily wounded.
You feel sick. The adder bites you.
You are lethally poisoned!
The adder poisons you!
Unknown command.
You slash the adder!
You kill the adder!
Trog accepts your kill.
You are no longer berserk.
You are exhausted.
You feel yourself slow down.
You are feeling hungry.
Eat one of 2 chunks of flesh? (ye/n/q/i?) This raw flesh tastes terrible.
You feel sick.
You continue eating.
You feel sick.
You continue eating.
You die...

There were no monsters in sight!

Vanquished Creatures
  3 adders (D:2)
  A worm (D:2)
  A giant gecko (D:2)
  2 giant cockroaches (D:2)
  2 bats
  A giant newt (D:2)
  4 kobolds
  2 rats
16 creatures vanquished.

Action                   || total
-------------------------++-------
Melee: Hand axe          ||    37
Invok: Berserk           ||     3
  Eat: Chunk             ||     1

Vault maps used:
D:1:      minmay_arrival_hallway
D:2:      lemuel_round_altar, kiku_gazebo_pond_becter,
          nicolae_overflow_hidden_temple, ecumenical_altar_1, uniq_jessica
